 Dungeon Crawl Stone Soup version 0.21.1-1-g345015fe64 (webtiles) character file.

1989 Gedi the Cleaver (level 9, 0/117 HPs)
             Began as a Minotaur Abyssal Knight on June 14, 2018.
             Was an Elder of Lugonu.
             Succumbed to a killer bee's poison
             ... on level 7 of the Dungeon.
             The game lasted 00:16:08 (7676 turns).

Gedi the Cleaver (Minotaur Abyssal Knight)          Turns: 7676, Time: 00:16:09

Health: 0/117      AC: 24    Str: 22    XL:     9   Next: 1%
Magic:  11/11      EV:  2    Int:  9    God:    Lugonu [****..]
Gold:   309        SH:  0    Dex: 10    Spells: 8/8 levels left

rFire    . . .     SeeInvis .   r - +0 war axe
rCold    . . .     Gourm    .   (no shield)
rNeg     + + +     Faith    .   (armour currently unavailable)
rPois    +         Spirit   .   (helmet currently unavailable)
rElec    .         Reflect  .   (cloak currently unavailable)
rCorr    .         Harm     .   (gloves currently unavailable)
MR       .....     NoTele   +   (boots currently unavailable)
Stlth    +.........             (no amulet)
HPRegen  0.29/turn              l - +2 ring of strength
MPRegen  0.12/turn              b - ring of positive energy

@: lethally poisoned (0 -> -22), tree-form
A: (retaliatory headbutt)
a: Depart the Abyss, Bend Space, Banish, Corrupt, Renounce Religion


You were on level 7 of the Dungeon.
You worshipped Lugonu.
Lugonu was greatly pleased with you.
You were not hungry.
You were a tree.
You visited 1 branch of the dungeon, and saw 7 of its levels.
You visited the Abyss 1 time.

You collected 309 gold pieces.

Inventory:

Hand Weapons
 r - a +0 war axe (weapon)
Armour
 e - a +0 plate armour (melded)
 q - a +1 cloak (melded)
Jewellery
 b - a ring of positive energy (right branch)
 l - a +2 ring of strength (left branch)
Wands
 a - a wand of polymorph (7)
 g - a wand of acid (4)
 m - a wand of paralysis (16)
Scrolls
 d - 3 scrolls of teleportation
 h - 8 scrolls of identify
 i - a scroll of fog
 o - 3 scrolls of remove curse
Potions
 f - a potion of lignification
Comestibles
 c - 10 rations


   Skills:
 + Level 6.8 Fighting
 + Level 9.2 Axes
 + Level 7.2 Armour
 - Level 1.3 Dodging
 * Level 5.3 Invocations


You had 8 spell levels left.
You didn't know any spells.

Dungeon Overview and Level Annotations

Branches:
Dungeon (7/15)             Temple (0/1) D:4

Altars:
Ashenzari
Elyvilon
Gozag
Makhleb
Ru
Vehumet
Xom


Innate Abilities, Weirdness & Mutations

((You reflexively headbutt those who attack you in melee.))
((You have a pair of horns on your head.))


Message History

* * * LOW HITPOINT WARNING * * *
You are more poisoned.
The killer bee poisons you! The killer bee stings you.
* * * LOW HITPOINT WARNING * * *
You are more poisoned.
The killer bee poisons you!
You turn into a tree.
Your +1 cloak melds into your body.
Your +0 plate armour melds into your body.
Your roots penetrate the ground.
* * * LOW HITPOINT WARNING * * *
You feel very sick.
The killer bee stings you but does no damage. x2
Okay, then.
b - a ring of positive energy (right branch)
* * * LOW HITPOINT WARNING * * *
You feel sick. The killer bee stings you.
* * * LOW HITPOINT WARNING * * *
You closely miss the killer bee.
The killer bee is almost dead.
You die...

#.........#
#.#
####......#.#
#.#
##.......#
#.# ##.##.###
#.# #.# ...
..# #.# ####
## #:# #.#
#♣# #y# #y#
#.# ... #.#
... ...


You could see 2 killer bees.

Vanquished Creatures
  Eustachio (D:5)
  Edmund (D:5)
  2 orc warriors
  A centaur (D:5)
  A wyvern skeleton (D:6)
  3 killer bees (D:7)
  2 howler monkeys
  2 crimson imps
  A quasit (D:6)
  The ghost of Greboboi the Sneak, a weakling SpAs (D:3)
  7 hounds
  2 bullfrog skeletons
  5 orc priests
  9 orc wizards
  Ijyb (D:5)
  5 worker ants
  A killer bee zombie (D:7)
  A howler monkey zombie (D:5)
  Robin (D:2)
  5 adders
  A shadow imp (D:7)
  An ooze (D:3)
  3 worms
  5 leopard geckos
  26 orcs
  3 bats
  4 giant cockroaches
  19 goblins
  8 hobgoblins
  11 jackals
  10 kobolds
  A quokka (D:4)
  A ball python skeleton (D:6)
  5 frilled lizards
  A leopard gecko zombie (D:5)
  13 rats
164 creatures vanquished.

Vanquished Creatures (others)
  An orc wizard (D:7)
  A quokka (D:6)
  7 toadstools (D:1)
9 creatures vanquished.

Grand Total: 173 creatures vanquished

Notes
Turn   | Place    | Note
-------+----------+-------------------------------------------
     0 | Abyss:1  | Gedi the Minotaur Abyssal Knight began the quest for the Orb.
     0 | Abyss:1  | Reached XP level 1. HP: 19/19 MP: 1/1
    79 | Abyss:1  | Noticed a thrashing horror
    85 | D:1      | Escaped the Abyss
   174 | D:1      | Reached * piety under Lugonu
   271 | D:1      | Reached XP level 2. HP: 20/27 MP: 2/2
   315 | D:1      | Reached skill level 3 in Axes
   764 | D:2      | Found a shimmering altar of Xom.
   771 | D:2      | Noticed Robin
   777 | D:2      | Reached XP level 3. HP: 24/33 MP: 3/3
   793 | D:2      | Reached ** piety under Lugonu
   801 | D:2      | Killed Robin
   930 | D:2      | Reached XP level 4. HP: 27/41 MP: 4/4
  1187 | D:2      | Found a faded altar of an unknown god.
  1635 | D:3      | Found a radiant altar of Vehumet.
  1661 | D:3      | Reached skill level 4 in Axes
  1668 | D:3      | Noticed Greboboi's ghost (weakling SpAs)
  1685 | D:3      | Killed Greboboi's ghost
  1685 | D:3      | Reached XP level 5. HP: 26/47 MP: 5/5
  2030 | D:3      | Reached skill level 5 in Axes
  2074 | D:3      | Reached *** piety under Lugonu
  2148 | D:3      | Reached skill level 5 in Fighting
  2187 | D:3      | Paralysed by a goblin for 6 turns
  2607 | D:3      | Reached XP level 6. HP: 56/56 MP: 7/7
  2827 | D:4      | Found a staircase to the Ecumenical Temple.
  2967 | D:4      | Reached skill level 6 in Axes
  3287 | D:4      | Found a shattered altar of Ashenzari.
  3458 | D:4      | Found a sacrificial altar of Ru.
  3641 | D:5      | Entered Level 5 of the Dungeon
  3647 | D:5      | Reached XP level 7. HP: 36/61 MP: 8/8
  4284 | D:5      | Found an opulent altar of Gozag.
  4635 | D:5      | Reached skill level 7 in Axes
  4641 | D:5      | Noticed Ijyb
  4650 | D:5      | Reached skill level 5 in Armour
  5028 | D:5      | Noticed Eustachio
  5094 | D:5      | Killed Eustachio
  5398 | D:5      | Noticed Edmund
  5415 | D:5      | Killed Edmund
  5415 | D:5      | Reached XP level 8. HP: 44/70 MP: 10/10
  5730 | D:5      | Killed Ijyb
  6121 | D:6      | Reached skill level 8 in Axes
  6246 | D:6      | Reached **** piety under Lugonu
  6504 | D:6      | Found a burning altar of Makhleb.
  6915 | D:6      | Found a white marble altar of Elyvilon.
  7184 | D:7      | Reached skill level 5 in Invocations
  7208 | D:7      | Reached skill level 9 in Axes
  7660 | D:7      | Reached XP level 9. HP: 51/78 MP: 11/11
  7675 | D:7      | HP: 2/117 [killer bee (4)]
  7676 | D:7      | Succumbed to a killer bee's poison

Skill      XL: |  1  2  3  4  5  6  7  8 |
---------------+-------------------------+-----
Invocations    | 2 3 4 5 |  5.3
Axes           | 3 4 5 6 7 9 |  9.2
Fighting       | 4 5 6 |  6.8
Armour         | 3 4 5 7 |  7.2
Dodging        | |  1.3

Action                   |  1- 3 |  4- 6 |  7- 9 || total
-------------------------+-------+-------+-------++-------
Melee: Hand axe          |    68 |   158 |   209 ||   435
       Headbutt          |     2 |    25 |    45 ||    72
       War axe           |       |       |   141 ||   141
Invok: Depart the Abyss  |     1 |       |       ||     1
  Use: Scroll            |       |       |     9 ||     9
       Potion            |       |       |     8 ||     8
  Eat: Chunk             |       |     9 |     9 ||    18
       Ration            |       |       |     1 ||     1
Armor: Leather armour    |    21 |     9 |       ||    30
       Ring mail         |       |    47 |    58 ||   105
       Plate armour      |       |       |    74 ||    74
       Scale mail        |       |       |    44 ||    44
       Skin              |       |       |    10 ||    10
Dodge: Dodged            |    56 |    82 |   162 ||   300
